 Dungeon Crawl Stone Soup version 0.27-a0-1334-g2746e35aca (webtiles) character file.

Game seed: 17369066712072761841

86 miket3c the Conjurer (level 4, -2/25 HPs)
             Began as a Gargoyle Conjurer on June 26, 2021.
             Killed from afar by Sigmund (5 damage)
             ... with a puff of flame
             ... on level 3 of the Dungeon.
             The game lasted 00:03:33 (3571 turns).

miket3c the Conjurer (Gargoyle Conjurer)            Turns: 3571, Time: 00:03:33

Health: -2/25      AC:  5    Str: 11    XL:     4   Next: 49%
Magic:  1/8        EV: 12    Int: 19    God:
Gold:   113        SH:  0    Dex:  8    Spells: 5/8 levels left

rFire    . . .     SeeInvis .   d - +0 dagger
rCold    . . .     Faith    .   (no shield)
rNeg     + . .     Spirit   .   a - +0 robe
rPois    ∞         Reflect  .   (no helmet)
rElec    +         Harm     .   e - scarf {shadows}
rCorr    .         Rampage  .   (no gloves)
Will     .....                  (no boots)
Stlth    ++........             (no amulet)
HPRegen  0.08/turn              (no ring)
MPRegen  0.11/turn              (no ring)

@: very slightly contaminated
A: sickness immunity, AC +3, negative energy resistance 1, electricity
resistance, torment resistance 1, petrification resistance
a: no special abilities


You were on level 3 of the Dungeon.
You visited 1 branch of the dungeon, and saw 3 of its levels.

You collected 113 gold pieces.

Inventory:

Hand Weapons
 c - a +0 whip
 d - a +0 dagger (weapon)
Missiles
 f - 3 boomerangs (quivered)
 i - 31 stones
Armour
 a - a +0 robe (worn)
 e - a scarf of shadows (worn)
Magical Staves
 h - a staff of fire
Jewellery
 j - a ring of protection from cold
 q - a +4 ring of evasion
Scrolls
 g - 4 scrolls of teleportation
 l - 2 scrolls of identify {unknown}
 n - a scroll of fog {unknown}
 o - a scroll of noise {unknown}
 p - a scroll of magic mapping {unknown}
Potions
 b - 3 potions of degeneration {unknown}
 k - 2 potions of lignification {unknown}
 m - a potion of haste {unknown}
 r - 2 potions of attraction {unknown}


   Skills:
 + Level 1.5 Fighting
 + Level 2.0 Dodging
 - Level 2.1 Stealth
 * Level 2.9 Spellcasting
 * Level 5.1 Conjurations


You had 5 spell levels left.
You knew the following spells:

 Your Spells              Type           Power      Damage    Failure   Level
a - Magic Dart            Conj           88%        1d7       1%          1
b - Searing Ray           Conj           44%        3d4       2%          2

Your spell library contained the following spells:

 Spells                   Type           Power      Damage    Failure   Level
 Dazzling Flash           Conj/Hex       24%        N/A       16%         3
 Fulminant Prism          Conj/Hex       6%         3d7       47%         4
 Iskenderun's Mystic Bla  Conj/Tloc      12%        2d5       47%         4


Dungeon Overview and Level Annotations

Branches:
Dungeon (3/15)

Altars:

Annotations:
D:3 Sigmund


Innate Abilities, Weirdness & Mutations

You are immune to sickness and miasma.
Your stone body is resilient. (AC +3)
You are immune to poison.
You resist negative energy. (rN+)
You are resistant to electric shocks. (rElec)
You are resistant to unholy torment.
You are immune to petrification.


Message History

The searing ray hits Sigmund.
Sigmund is almost dead.
You finish channeling your searing ray.
Sigmund points at you and mumbles some strange words.
You resist with some effort.
Casting: Searing Ray (safe; 2% risk of failure)
Confirm with . or Enter, or press ? or * to list all spells.
Aiming: Searing Ray (safe; 2% risk of failure)
Press: ? - help, Shift-Dir - straight line, f/p - Sigmund
Aim: Sigmund, wielding a +0 scythe and wearing a +0 robe (almost dead, 75% to hit)
You miscast Searing Ray.
You are very lightly contaminated with residual magic.
Nothing appears to happen.
Sigmund misses you. Sigmund barely misses you.
Sigmund hits you from afar with a +0 scythe!
Sigmund gestures wildly while chanting.
Sigmund flickers and vanishes!
Deactivating autopickup; reactivate with Ctrl-A.
Casting: Searing Ray (safe; 2% risk of failure)
Confirm with . or Enter, or press ? or * to list all spells.
You don't have enough magic to cast this spell.
Casting: Searing Ray (safe; 2% risk of failure)
Confirm with . or Enter, or press ? or * to list all spells.
You don't have enough magic to cast this spell.
Casting: Searing Ray (safe; 2% risk of failure)
Confirm with . or Enter, or press ? or * to list all spells.
You can't see any susceptible monsters within range! (Use Z to cast anyway.)
Casting: Searing Ray (safe; 2% risk of failure)
Confirm with . or Enter, or press ? or * to list all spells.
Aiming: Magic Dart (safe; 1% risk of failure)
Press: ? - help, Shift-Dir - straight line The magic dart hits something.
You hear some strange, mumbled words.
A puff of flame appears from out of thin air!
The puff of flame hits you.
* * * LOW HITPOINT WARNING * * *
You hear some strange, mumbled words.
A puff of flame appears from out of thin air!
The puff of flame hits you.
You die...

#..........................
###..#.#.##.#.##..##...##.#
#..#.#.##.......##...##.#
#........................
#.##.#..........##...##.#
#.##......#.....##.......
#....#.####.##........#.#
####.######.##...........
#....@.{..............
#....######...........
#....# #.##........ #....#
#.##........ ##...#
#@##........ #...#
#.##........ #...#
#.##........ #.##........
#.##........


There were no monsters in sight!

Vanquished Creatures
  Jessica (D:2)
  An adder (D:2)
  2 worms (D:2)
  An orc (D:3)
  2 bats (D:2)
  4 endoplasms
  A giant cockroach (D:1)
  4 goblins
  2 hobgoblins (D:1)
  9 jackals
  2 kobolds
  2 quokkas
  4 ball pythons
  A frilled lizard (D:1)
  3 rats (D:1)
39 creatures vanquished.

Notes
Turn   | Place    | Note
-------+----------+-------------------------------------------
     0 | D:1      | miket3c the Gargoyle Conjurer began the quest for the Orb.
     0 | D:1      | Reached XP level 1. HP: 10/10 MP: 3/3
   448 | D:1      | Found a faded altar of an unknown god.
   957 | D:1      | Reached XP level 2. HP: 16/16 MP: 3/5
  1678 | D:1      | Reached skill level 1 in Fighting
  1892 | D:2      | Reached XP level 3. HP: 20/20 MP: 4/6
  2418 | D:2      | Noticed Jessica
  2420 | D:2      | Killed Jessica
  2421 | D:2      | Reached skill level 5 in Conjurations
  2421 | D:2      | Reached XP level 4. HP: 25/25 MP: 4/8
  3317 | D:3      | Noticed Sigmund
  3560 | D:2      | Learned a level 2 spell: Searing Ray
  3571 | D:3      | Killed from afar by Sigmund

Illustrated notes

Levels and vault maps discovered:
D:1:      lightli_arrival_statuegarden, layout_basic,
          hellmonk_ecumenical_altar_zigzags, corexii_corridor_pit,
          minmay_misc_feat_four_crosses, minmay_misc_feat_nine_boxes,
          amcnicky_mini_rare_corridor_liquid
D:2:      layout_basic, uniq_jessica
D:3:      layout_basic, lemuel_coloured_pillars_altar, corner_web_ring,
          uniq_sigmund

Skill      XL: |  1  2  3 |
---------------+----------+-----
Fighting       | 1 |  1.5
Dodging        | 2 |  2.0
Conjurations   | 5 |  5.1
Stealth        | |  2.1
Spellcasting   | |  2.9

Action                   |  1- 3 |  4- 6 || total
-------------------------+-------+-------++-------
Melee: Unarmed           |     7 |       ||     7
       Dagger            |    22 |       ||    22
 Cast: Magic Dart        |    55 |    29 ||    84
       Searing Ray       |       |     1 ||     1
  Use: Scroll            |       |     1 ||     1
Armor: Robe              |    12 |     2 ||    14
Dodge: Dodged            |    28 |     9 ||    37

Table legend: (Time is in decaauts)
 A = Elapsed time spent in this place.
 B = Non-inter-level travel time spent in this place.
 C = Inter-level travel time spent in this place.
 D = Time resting spent in this place.
 E = Time spent auto-exploring this place.
 F = Levels seen in this place.
 G = Mean time per level.
                   A        B        C        D        E       F      G
               +--------+--------+--------+--------+--------+-----+--------+
         Total |   3571 |   3547 |     24 |   1487 |   1755 |   3 | 1190.3 |
       Dungeon |   3571 |   3547 |     24 |   1487 |   1755 |   3 | 1190.3 |
               +--------+--------+--------+--------+--------+-----+--------+

Top non-repeatable levels by time:
     D:1: 1816 daAuts
     D:2: 1255 daAuts
     D:3: 499 daAuts
